 Dungeon Crawl Stone Soup version 0.17-a0-1430-g49fde19 (webtiles) character file.

19 bal the Ruffian (level 2, -4/23 HPs)
             Began as a Draconian Transmuter on June 25, 2015.
             Slain by a gnoll
             ... wielding a +0 halberd
              (10 damage)
             ... on level 2 of the Dungeon.
             The game lasted 00:04:12 (645 turns).

bal the Ruffian (Draconian Transmuter)               Turns: 645, Time: 00:04:12

Health: -4/23      AC:  4    Str: 12    XL:     2   Next: 55%
Magic:  1/5        EV: 12    Int: 13    God:
Gold:   37         SH:  0    Dex: 11    Spells: 2 memorised, 2 levels left

rFire  . . .     SeeInvis .     p - +0 short sword (speed)
rCold  . . .     Clarity  .     (armour unavailable)
rNeg   . . .     SustAt   .     (no shield)
rPois  .         Gourm    .     (helmet restricted)
rElec  .         Spirit   .     (no cloak)
rCorr  .         Warding  .     (no gloves)
rMut   .         Stasis   .     (no boots)
MR     .....                    (no amulet)
Stlth  +.........               (no ring)
                                (no ring)

@: very slightly contaminated, not resistant to hostile enchantments, very
unstealthy
A: unfitting armour, cold-blooded, AC +4
a: no special abilities


You were on level 2 of the Dungeon.
You were not hungry.

You visited 1 branch of the dungeon, and saw 2 of its levels.

You collected 37 gold pieces.

Inventory:

Hand weapons
 i - a +0 spear
 p - a +0 short sword of speed (weapon)
Missiles
 a - 57 arrows
 g - 8 bolts
Jewellery
 d - an uncursed ring of wizardry {unknown}
Scrolls
 f - 2 scrolls of remove curse {unknown}
 k - a scroll of enchant weapon {unknown}
 o - a scroll of random uselessness {unknown}
Potions
 e - a potion of flight {unknown}
 h - a potion of beneficial mutation {unknown}
 l - a potion of cure mutation {unknown}
 m - a potion of curing {unknown}
 n - a potion of degeneration {unknown}
Books
 b - a book of Changes

   Spells                             Type                      Level
   a - Beastly Appendage              Transmutation                1
   b - Sticks to Snakes               Transmutation                2
   c - Spider Form                    Transmutation/Poison         3
   d - Ice Form                       Ice/Transmutation            4
   e - Blade Hands                    Transmutation                5
Comestibles
 c - 2 bread rations
 j - 3 meat rations


   Skills:
 + Level 1.3 Fighting
 + Level 2.1 Dodging
 + Level 3.3 Unarmed Combat
 + Level 2.0 Spellcasting
 + Level 2.2 Transmutations


You had 2 spell levels left.
You knew the following spells:

 Your Spells              Type           Power        Failure   Level  Hunger
a - Beastly Appendage     Trmt           #.....       12%         1    ##.....
b - Sticks to Snakes      Trmt           #.........   17%         2    ###....


Dungeon Overview and Level Annotations

Branches:
Dungeon (2/15)

Altars:


Innate Abilities, Weirdness & Mutations

Your plain brown scales are hard (AC +4).
Your body does not fit into most forms of armour.
You are cold-blooded and may be slowed by cold attacks.


Message History

Confirm with . or Enter, or press ? or * to list all spells.
You miscast Sticks to Snakes.
You are very lightly contaminated with residual magic.
Waves of light ripple over your body.
The kobold throws a stone.
The stone hits you but does no damage.
The kobold throws a stone.
The stone closely misses you.
The kobold throws a stone.
The stone barely misses you.
Found a stone staircase leading down.
The kobold throws a stone.
The stone closely misses you.
You see here a stone.
A kobold comes into view. It is wielding a club.
The kobold shouts!
The kobold hits you but does no damage.
A worm comes into view.
The gnoll hits you with a spear of piercing.
You see here a stone.
The gnoll hits you but does no damage. The gnoll hits you with a halberd.
* * * LOW HITPOINT WARNING * * *
The gnoll hits you from afar with a halberd!
You die...

#### .>.# #####
..# ##...##
#.###.....##
##.##..(K...##
#...?K@g........
#..#.g?.....##w.
##.((g..(...## .
#..........##
#......##.##
#####..(#####...
........# .#.#
(.....#.### .#.#
#######...#


You could see 3 gnolls and 2 kobolds.

Vanquished Creatures
  4 bats (D:1)
  4 hobgoblins (D:1)
  5 kobolds
  A ball python (D:1)
  A goblin (D:1)
  3 rats (D:1)
18 creatures vanquished.

Notes
Turn   | Place    | Note
--------------------------------------------------------------
     0 | D:1      | bal the Draconian Transmuter began the quest for the Orb.
     0 | D:1      | Reached XP level 1. HP: 16/16 MP: 3/3
   119 | D:1      | Reached XP level 2. HP: 17/23 MP: 5/5
   162 | D:1      | Learned a level 2 spell: Sticks to Snakes
   645 | D:2      | Slain by a gnoll

Vault maps used:
D:1:      minmay_arrival_three_doors, serial_curves, eino_curves_03,
          eino_curves_04, eino_curves_04
D:2:      nicolae_overflow_crystal_walls, lemuel_old_faithful

Action                   || total
-------------------------++-------
Melee: Unarmed           ||    28
       Spear             ||    40
       Short sword       ||     6
 Cast: Sticks to Snakes  ||     2
       Beastly Appendage ||     1
 Stab: Sleeping          ||     1
